Map: Central Protocol

Players

Shura (Scarlett) - Winner!

  • Race: Zerg Zerg
  • League: Grandmaster

lIIlllllIIII (HuK)

  • Race: Protoss Protoss
  • League: Grandmaster

Event: Team Gravity's Fight Night #39

VOD

Have the link to the VOD?

Description

Time

  • Played on: Nov. 20, 2015, 9:52 p.m.
  • Length: 14:44

All games in this series

Show
View Real Time Build Order
Export as new Build Order

Shura Zerg - Winner!

Build Orders: Hatch First 

Get SALT Encoding   

  12  0:00  Drone  
  13  0:13  Overlord  
  13  0:18  Drone  
  14  0:31  Drone x2  
  16  0:36  Drone  
  17  0:47  Drone  
  18  0:55  Hatchery  
  17  0:58  Drone  
  18  1:07  Extractor  
  17  1:12  Spawning Pool  
  17  1:17  Drone  
  17  1:19  Drone  
  18  1:30  Drone  
  19  1:39  Overlord  
  19  1:50  Drone  
  20  1:59  Queen  
  20  2:00  Zergling x2  
  23  2:10  Drone, Queen  
  23  2:11  Metabolic Boost  
  26  2:18  Drone x2  
  28  2:25  Drone  
  28  2:28  Drone  
  30  2:33  Overlord  
  30  2:35  Queen  
  32  2:45  Drone  
  32  2:46  Drone  
  34  2:52  Drone  
  34  2:54  Drone  
  36  2:58  Hatchery  
  35  3:08  Zergling x2  
  35  3:09  Zergling x8  
  39  3:19  Drone x4  
  43  3:20  Overlord  
  43  3:23  Extractor  
  42  3:29  Drone  
  43  3:43  Drone x3  
  43  3:45  Lair  
  45  3:48  Drone  
  45  3:49  Drone x3  
  49  4:02  Overlord, Drone  
  50  4:03  Drone x2  
  51  4:18  Extractor  
  51  4:19  Evolution Chamber  
  51  4:23  Zergling x12  
  56  4:29  Drone x3  
  56  4:30  Hatchery  
  58  4:31  Extractor  
  56  4:48  Overseer  
  56  4:49  Drone, Hydralisk Den  
  56  4:50  Zerg Missile Weapons Level 1, Drone x3  
  56  4:51  Overlord x3  
  59  5:13  Drone x4  
  63  5:14  Overlord x2  
  63  5:15  Overlord  
  63  5:22  Hydralisk  
  63  5:23  Hydralisk x2, Muscular Augments  
  69  5:31  Hydralisk  
  69  5:32  Hydralisk  
  73  5:41  Hydralisk x2  
  76  5:52  Hydralisk x2  
  80  6:00  Hatchery  
  73  6:19  Hydralisk x7  
  75  6:40  Drone x4  
  78  6:48  Drone x3  
  80  6:54  Overseer x2  
  80  6:56  Overseer  
  80  6:59  Hydralisk x2  
  82  7:12  Drone  
  82  7:13  Drone x2  
  85  7:15  Overseer  
  84  7:27  Drone x7  
  91  7:33  Zerg Missile Weapons Level 2  
  91  7:36  Zergling x2  
  92  7:38  Drone x2  
  92  7:40  Drone  
  95  7:44  Drone  
  95  7:46  Drone  
  95  7:50  Drone  
  98  7:55  Overlord  
  98  7:57  Drone  
  99  8:04  Queen  
  101  8:07  Extractor x2  
  101  8:09  Drone  
  101  8:10  Drone x3  
  102  8:13  Drone x2  
  102  8:17  Infestation Pit  
  103  8:21  Hatchery  
  103  8:24  Zergling x2  
  103  8:25  Drone  
  103  8:26  Drone x3  
  107  8:33  Drone x6  
  113  8:36  Spine Crawler  
  112  8:45  Drone  
  112  8:46  Drone  
  114  8:52  Evolution Chamber  
  114  8:54  Hive  
  113  8:56  Infestor x4  
  121  9:16  Hydralisk x2  
  120  9:22  Queen  
  118  9:24  Spine Crawler  
  118  9:26  Hydralisk x2  
  118  9:28  Overlord x5  
  121  9:32  Spine Crawler  
  121  9:34  Spine Crawler  
  119  9:41  Spine Crawler  
  119  9:42  Hydralisk x5  
  128  9:49  Overseer  
  128  9:50  Spine Crawler  
  127  9:55  Drone x2  
  127  9:56  Zerg Ground Armor Level 1, Zerg Melee Weapons Level 1  
  129  10:03  Queen  
  131  10:11  Ultralisk Cavern  
  131  10:13  Drone x10  
  140  10:36  Zergling x2  
  140  10:38  Zergling x2  
  140  10:42  Drone x2  
  144  10:46  Drone x2, Extractor  
  144  10:47  Drone  
  146  10:50  Extractor  
  143  10:59  Ultralisk x3  
  143  11:00  Ultralisk  
  166  11:06  Zergling x4  
  168  11:12  Chitinous Plating  
  168  11:18  Hatchery  
  167  11:20  Overlord  
  167  11:21  Overlord x5  
  167  11:41  Spine Crawler  
  167  11:42  Spine Crawler  
  167  11:43  Ultralisk  
  167  11:44  Ultralisk  
  177  11:57  Overseer  
  177  12:02  Ultralisk x2  
  187  12:14  Hydralisk x3  
  193  12:18  Hydralisk x3  
  193  12:21  Overseer  
  199  12:29  Overseer  
  198  12:35  Overseer  
  198  12:36  Overseer x2  
  198  12:56  Hydralisk x4  
  198  12:57  Hydralisk x3  
  157  13:08  Ultralisk, Zergling x2  
  157  13:09  Zergling x16  
  134  13:26  Ultralisk x2  
  136  13:29  Drone  
  135  13:40  Ultralisk, Zergling x16  
  143  13:55  Ultralisk x2  
  155  14:07  Zergling x2  
  168  14:17  Hydralisk, Zergling x2  
  168  14:18  Zergling x8  
Show
View Real Time Build Order
Export as new Build Order

lIIlllllIIII Protoss 

Build Orders: 1 Gate Expand, Double Forge 

Get SALT Encoding   

  12  0:01  Probe (Chrono Boost)  
  13  0:11  Probe (Chrono Boost)  
  14  0:21  Pylon  
  14  0:22  Probe (Chrono Boost)  
  15  0:39  Probe (Chrono Boost)  
  15  0:40  Gateway  
  16  0:45  Assimilator  
  16  0:49  Probe (Chrono Boost)  
  17  1:00  Probe (Chrono Boost)  
  18  1:11  Probe (Chrono Boost)  
  19  1:21  Probe (Chrono Boost)  
  20  1:30  Nexus  
  20  1:32  Probe (Chrono Boost)  
  21  1:37  Cybernetics Core  
  21  1:44  Assimilator  
  21  1:45  Probe (Chrono Boost)  
  22  1:51  Pylon  
  22  1:56  Probe (Chrono Boost)  
  23  2:13  Mothership Core (Chrono Boost), Warp Gate  
  23  2:15  Adept  
  27  2:31  Probe (Chrono Boost)  
  28  2:38  Robotics Facility  
  28  2:42  Probe (Chrono Boost)  
  28  2:43  Probe (Chrono Boost)  
  30  2:53  Probe (Chrono Boost)  
  30  2:54  Probe (Chrono Boost)  
  34  2:58  Sentry  
  34  3:03  Probe (Chrono Boost)  
  34  3:04  Probe (Chrono Boost)  
  36  3:14  Probe (Chrono Boost)  
  36  3:15  Probe (Chrono Boost)  
  36  3:16  Gateway  
  36  3:19  Gateway  
  38  3:22  Pylon  
  38  3:24  Probe (Chrono Boost)  
  38  3:25  Probe (Chrono Boost)  
  40  3:35  Probe (Chrono Boost)  
  40  3:36  Probe (Chrono Boost)  
  42  3:44  Warp Prism (Chrono Boost)  
  42  3:45  Probe x2 (Chrono Boost)  
  44  3:54  Pylon  
  44  3:56  Pylon x2  
  44  3:57  Probe  
  44  3:58  Probe  
  46  4:09  Probe x2  
  47  4:19  Sentry x3, Probe  
  47  4:20  Assimilator  
  47  4:21  Probe  
  47  4:22  Assimilator  
  47  4:23  Forge  
  55  4:30  Probe  
  55  4:33  Probe  
  55  4:34  Forge  
  55  4:36  Twilight Council  
  57  4:41  Probe  
  58  4:45  Probe  
  58  4:46  Observer (Chrono Boost)  
  58  4:49  Gateway  
  58  4:51  Gateway  
  60  4:53  Pylon  
  60  5:00  Adept  
  60  5:01  Adept x2  
  60  5:03  Protoss Ground Weapons Level 1 (Chrono Boost)  
  66  5:16  Gateway  
  66  5:19  Dark Shrine  
  66  5:22  Pylon x2  
  66  5:25  Pylon  
  66  5:26  Protoss Ground Armor Level 1 (Chrono Boost)  
  66  5:39  Gateway  
  66  5:40  Pylon  
  66  5:41  Zealot  
  66  5:42  Zealot  
  70  5:44  Zealot  
  72  6:13  Adept x4  
  72  6:14  Adept  
  76  6:22  Probe x2  
  68  6:43  Dark Templar x5  
  68  6:44  Dark Templar  
  74  6:48  Adept  
  74  7:14  Charge  
  64  7:17  Protoss Ground Weapons Level 2 (Chrono Boost)  
  60  7:26  Zealot x7  
  74  7:35  Protoss Ground Armor Level 2 (Chrono Boost)  
  74  7:42  Warp Prism  
  76  7:45  Gateway x2  
  76  7:46  Nexus  
  76  7:47  Pylon x2  
  76  7:50  Sentry  
  76  7:51  Sentry  
  80  7:52  Zealot x3  
  80  7:54  Adept  
  88  7:59  Probe x2  
  90  8:07  Adept  
  90  8:11  Probe x2  
  94  8:17  Zealot x3  
  101  8:20  Observer  
  101  8:23  Probe  
  101  8:25  Pylon  
  102  8:28  Probe  
  103  8:36  Assimilator  
  103  8:37  Assimilator  
  103  8:41  Zealot x3  
  103  8:43  Zealot  
  103  8:46  Observer  
  112  8:52  Robotics Bay  
  112  8:55  Probe  
  113  9:10  Zealot x4  
  113  9:29  Probe  
  112  9:39  Disruptor (Chrono Boost)  
  112  9:41  Gravitic Drive  
  112  9:45  Zealot x9, Protoss Ground Armor Level 3  
  127  9:52  Protoss Ground Weapons Level 3  
  131  10:17  Pylon  
  131  10:18  Pylon x2  
  133  10:21  Disruptor (Chrono Boost)  
  133  10:24  Pylon  
  133  10:25  Pylon  
  133  10:40  Dark Templar x2  
  133  10:41  Dark Templar x3  
  133  11:01  Zealot x4  
  137  11:05  Disruptor (Chrono Boost)  
  140  11:16  Dark Templar  
  140  11:17  Dark Templar x3  
  140  11:25  Blink  
  140  11:29  Dark Templar x3  
  146  11:35  Dark Templar  
  146  11:36  Disruptor (Chrono Boost)  
  146  11:37  Archon  
  146  11:39  Archon  
  151  11:51  Observer Gravitic Boosters  
  151  12:07  Disruptor (Chrono Boost)  
  152  12:11  Stalker x3  
  152  12:12  Stalker x4  
  166  12:16  Stalker  
  168  12:43  Zealot  
  168  12:44  Zealot  
  172  12:47  Archon  
  147  13:02  Dark Templar x2, Zealot x5  
  84  13:13  Dark Templar x2  
  73  13:23  Dark Templar x3  
  69  13:28  Dark Templar x2  
  63  13:42  Dark Templar  
  63  13:43  Zealot  
  63  13:48  Zealot x2  
  71  13:49  Archon x2  
  71  13:56  Disruptor (Chrono Boost), Zealot x3  
  80  14:05  Nexus  
  80  14:09  Pylon  
  80  14:10  Sentry x2  
  80  14:17  Dark Templar  
  86  14:21  Dark Templar  

Tags
 
Add a new tag
Caveats
  • Supply blocks, unpowered buildings, or Contaminate may cause inaccurate times.
  • Supply counts are checked every 10 seconds.